 Dungeon Crawl Stone Soup version 0.31-a0-38-g1548c4f2a5 (webtiles) character file.

Game seed: 13954222023592854970

10157 frimble the Carver (level 11, -17/86 HPs)
             Began as a Gnoll Reaver on May 16, 2023.
             Was an Elder of Cheibriados.
             Killed from afar by a deep elf zephyrmancer (24 damage)
             ... with a bolt of lightning
             ... on level 9 of the Dungeon.
             The game lasted 00:12:36 (7451 turns).

frimble the Carver (Gnoll Reaver)                   Turns: 7451, Time: 00:12:37

Health: -17/86     AC:  9    Str: 21    XL:     11   Next: 57%
Magic:  16/23      EV: 23    Int: 26    God:    Cheibriados [****..]
Gold:   522        SH:  0    Dex: 25    Spells: 14/26 levels left

rFire   . . .        a - +2 long sword (flame)
rCold   . . .        (no shield)
rNeg    + . .        t - +1 ring mail "Xagim" {rN+ Will+}
rPois   .            (no helmet)
rElec   .            (no cloak)
rCorr   .            A - +1 pair of gloves {hurl}
SInv    .            (no boots)
Will    +....        j - amulet of regeneration
Stlth   +++          c - +5 ring of evasion
HPRegen 1.14/turn    k - +6 ring of dexterity
MPRegen 0.18/turn

%: no passive effects
@: very slow
A: fangs 1, strong nose, distributed training
a: Renounce Religion, Bend Time, Temporal Distortion, Slouch


You were on level 9 of the Dungeon.
You worshipped Cheibriados.
Cheibriados was greatly pleased with you.
You visited 2 branches of the dungeon, and saw 10 of its levels.

You collected 522 gold pieces.

Inventory:

Hand Weapons
 a - a +2 long sword of flaming (weapon)
 b - a +3 sling of freezing
Armour
 t - the +1 ring mail "Xagim" (worn) {rN+ Will+}
   (You found it on level 4 of the Dungeon)

   rN:        It protects you from negative energy.
   Will:      It increases your willpower.
 A - a +1 pair of gloves of hurling (worn)
Jewellery
 c - a +5 ring of evasion (left hand)
 j - an amulet of regeneration (around neck)
 k - a +6 ring of dexterity (right hand)
 s - a ring of see invisible
 u - a ring of willpower
 y - a ring of willpower
Wands
 d - a wand of iceblast (7)
 e - a wand of mindburst (3)
 n - a wand of flame (27)
 p - a wand of charming (6)
 r - a wand of polymorph (10)
Scrolls
 f - 4 scrolls of teleportation
 h - 2 scrolls of fog
 i - a scroll of identify
 x - 5 scrolls of enchant weapon {unknown}
 B - a scroll of vulnerability
Potions
 g - a potion of attraction
 l - 2 potions of mutation
 m - a potion of curing
 q - 4 potions of degeneration
 v - a potion of flight
 w - 3 potions of haste
 z - a potion of ambrosia
Miscellaneous
 o - a phantom mirror


   Skills:
 + Level 8.2 Fighting
 + Level 6.6 Short Blades
 + Level 9.4 Long Blades
 + Level 6.6 Axes
 + Level 6.6 Maces & Flails
 + Level 6.6 Polearms
 + Level 6.6 Staves
 + Level 6.6 Ranged Weapons
 + Level 6.6 Throwing
 + Level 6.6 Armour
 + Level 8.2 Dodging
 + Level 6.6 Stealth
 + Level 6.6 Shields
 + Level 6.6 Unarmed Combat
 + Level 8.4 Spellcasting
 + Level 7.9 Conjurations
 + Level 5.5 Hexes
 + Level 5.5 Summonings
 + Level 5.5 Necromancy
 + Level 5.5 Translocations
 + Level 5.5 Transmutations
 + Level 5.5 Fire Magic
 + Level 5.5 Ice Magic
 + Level 5.5 Air Magic
 + Level 5.5 Earth Magic
 + Level 5.5 Poison Magic
 + Level 7.3 Invocations
 + Level 6.6 Evocations


You had 14 spell levels left.
You knew the following spells:

 Your Spells              Type           Power      Damage    Failure   Level
a - Kiss of Death         Conj/Necr      100%       2d13      1%          1
b - Passwall              Tmut/Erth      32%        N/A       1%          2
c - Olgreb's Toxic Radia  Pois           39%        N/A       9%          4
d - Arcjolt               Conj/Air       22%        1d32      14%         5

Your spell library contained the following spells:

 Spells                   Type           Power      Damage    Failure   Level
 Freeze                   Ice            100%       1d10      1%          1
 Sandblast                Erth           78%        2d17      1%          1
 Sting                    Tmut/Pois      100%       1d8       1%          1
 Cigotuvi's Dreadful Rot  Necr/Pois/Air  78%        N/A       1%          2
 Momentum Strike          Conj/Tloc      90%        3d10      1%          2
 Poisonous Vapours        Pois/Air       78%        N/A       1%          2
 Hailstorm                Conj/Ice       45%        3d10      1%          3
 Stone Arrow              Conj/Erth      90%        3d12      1%          3
 Frozen Ramparts          Ice            78%        1d12      2%          3
 Gell's Gravitas          Tloc           39%        N/A       2%          3
 Summon Guardian Golem    Hex/Summ       39%        N/A       2%          3
 Teleport Other           Tloc           39%        N/A       2%          3
 Vhi's Electric Charge    Tloc/Air       78%        N/A       2%          3
 Animate Armour           Summ/Erth      78%        N/A       9%          4
 Dispersal                Tloc           19%        N/A       80%         6
 Plasma Beam              Fire/Air       19%        2x1d34    80%         6
 Orb of Destruction       Conj           25%        9d9       95%         7
 Spellforged Servitor     Conj/Summ      22%        N/A       99%         7
 Lehudib's Crystal Spear  Conj/Erth      22%        10d6      100%        8
 Maxwell's Capacitive Co  Air            19%        ∞         100%        8
 Chain Lightning          Conj/Air       22%        3d30      100%        9


Dungeon Overview and Level Annotations

Branches:
Dungeon (9/15)             Temple (1/1) D:4
   Lair: D:8-11         Orc: D:9-12

Altars:
Cheibriados
Elyvilon
Gozag
Kikubaaqudgha
Makhleb
Nemelex Xobeh
Okawaru
Uskayaw
Vehumet
Xom
Zin
The Shining One

Annotations:
D:2 1 runed translucent door, Crazy Yiuf
D:7 flight vault


Innate Abilities, Weirdness & Mutations

You have very sharp teeth.
Your uncanny sense of smell can sniff out nearby items.
Your experience applies equally to all skills.


Message History

The kobold brigand shoots a sling bullet.
The sling bullet completely misses you.
The deep elf zephyrmancer closely misses you.
The centaur warrior hits you with a +2 vampiric halberd!
* * * LOW HITPOINT WARNING * * *
The centaur warrior closely misses you.
You slash the centaur warrior! You burn the centaur warrior.
You bite the centaur warrior, but do no damage.
The centaur warrior is severely wounded.
The kobold brigand looks even sicker.
Your toxic aura wanes.
The centaur warrior hits you with a +2 vampiric halberd!
* * * LOW HITPOINT WARNING * * *
The centaur warrior draws strength from your wounds!
The centaur warrior kicks you.
* * * LOW HITPOINT WARNING * * *
The kobold brigand shoots a sling bullet.
The sling bullet misses you.
The deep elf zephyrmancer barely misses you.
Okay, then.
Unknown command.
Okay, then.
Okay, then.
Unknown command.
Okay, then.
Unknown command.
Okay, then.
Unknown command.
You feel better.
The centaur warrior hits you with a +2 vampiric halberd.
* * * LOW HITPOINT WARNING * * *
The centaur warrior draws strength from your wounds!
The centaur warrior kicks you but does no damage.
The centaur warrior misses you.
The centaur warrior kicks you but does no damage.
The kobold brigand shoots a sling bullet.
The sling bullet misses you.
The deep elf zephyrmancer casts a spell at you.
The bolt of lightning hits you!!
You die...

∆##.#.....###.##.#.
#####..##......#.#
...
......####.K.....#
#.# ##.#####
###.##### #.
..#)...#∆ ##.##.)#
#...##.# #...#..#
#...##.# #..#..### #
!#
.#.#...##..###).##.#∆
.. .#)#..#...#
##.@..# .##
)###...##..
#.c##e.....? #
#..)##.## #..##
#.#?#.##.# #...##.#
...# #.###De.
..#....#∆ ##.# ∆
#...Yc# ##.##### #.
###.### #.....## .
###.....## #...#..#
.. #.##.......#
...###.# .
...#..=###...#.#


You could see a centaur warrior (poisoned), a deep elf zephyrmancer (poisoned)
and a kobold brigand (very poisoned).

Vanquished Creatures
  A hydra (D:8)
  A boulder beetle (D:9)
  A tengu warrior (D:8)
  Pikel (D:4)
  2 orc sorcerers (D:9)
  A deep elf pyromancer (D:9)
  A manticore (D:9)
  Maggie (D:7)
  2 hornets (D:9)
  Sigmund (D:6)
  A wraith (D:7)
  8 yaks (D:9)
  A steam dragon (D:7)
  3 water moccasins
  4 black bears
  5 orc warriors
  2 sky beasts
  4 ice beasts
  An ogre (D:5)
  A centaur (D:9)
  2 phantoms (D:6)
  6 kobold brigands
  3 gnoll sergeants (D:9)
  2 bullfrogs (D:9)
  A scorpion (D:5)
  2 wights (D:9)
  4 killer bees (D:7)
  2 howler monkeys
  A gnoll bouda (D:6)
  9 orc priests
  4 hounds
  An iguana (D:5)
  4 sleepcaps
  10 orc wizards
  4 gnolls
  3 adders
  2 shadow imps
  3 white imps
  An ufetubus (D:7)
  A worm (D:3)
  4 dart slugs
  28 orcs
  3 ball pythons
  A bat (D:1)
  10 endoplasms
  A giant cockroach (D:4)
  5 goblins
  2 hobgoblins
  5 jackals
  2 quokkas
  3 frilled lizards
  19 kobolds
  7 rats
197 creatures vanquished.

Vanquished Creatures (others)
  An acid dragon (D:9)
1 creature vanquished.

Grand Total: 198 creatures vanquished

Notes
Turn   | Place    | Note
-------+----------+-------------------------------------------
     0 | D:1      | frimble the Gnoll Reaver began the quest for the Orb.
     0 | D:1      | Reached XP level 1. HP: 20/20 MP: 6/6
   101 | D:1      | Reached XP level 2. HP: 26/26 MP: 7/7
   276 | D:1      | Reached skill level 5 in Spellcasting
   276 | D:1      | Reached XP level 3. HP: 28/31 MP: 7/9
   612 | D:1      | Reached skill level 1 in Invocations
   810 | D:2      | Reached skill level 1 in Short Blades
   810 | D:2      | Reached skill level 1 in Axes
   810 | D:2      | Reached skill level 1 in Maces & Flails
   810 | D:2      | Reached skill level 1 in Polearms
   810 | D:2      | Reached skill level 1 in Staves
   810 | D:2      | Reached skill level 1 in Ranged Weapons
   810 | D:2      | Reached skill level 1 in Throwing
   810 | D:2      | Reached skill level 1 in Armour
   810 | D:2      | Reached skill level 1 in Stealth
   810 | D:2      | Reached skill level 1 in Shields
   810 | D:2      | Reached skill level 1 in Unarmed Combat
   810 | D:2      | Reached skill level 1 in Evocations
   980 | D:2      | You fall into a shaft and drop 2 floors!
  1046 | D:4      | Reached skill level 1 in Hexes
  1046 | D:4      | Reached skill level 1 in Summonings
  1046 | D:4      | Reached skill level 1 in Necromancy
  1046 | D:4      | Reached skill level 1 in Translocations
  1046 | D:4      | Reached skill level 1 in Transmutations
  1046 | D:4      | Reached skill level 1 in Fire Magic
  1046 | D:4      | Reached skill level 1 in Ice Magic
  1046 | D:4      | Reached skill level 1 in Air Magic
  1046 | D:4      | Reached skill level 1 in Earth Magic
  1046 | D:4      | Reached skill level 1 in Poison Magic
  1046 | D:4      | Reached XP level 4. HP: 37/38 MP: 11/11
  1318 | D:2      | Found a faded altar of an unknown god.
  1547 | D:2      | Found a runed translucent door.
  1549 | D:2      | Noticed Crazy Yiuf
  1555 | D:2      | Learned a level 2 spell: Passwall
  1656 | D:3      | Reached XP level 5. HP: 14/43 MP: 12/12
  1980 | D:3      | Found a glowing golden altar of the Shining One.
  2538 | D:4      | Found a staircase to the Ecumenical Temple.
  2545 | D:4      | Reached XP level 6. HP: 50/50 MP: 13/13
  2555 | Temple   | Entered the Ecumenical Temple
  2605 | Temple   | Became a worshipper of Cheibriados the Contemplative
  2790 | D:4      | Noticed Pikel
  2838 | D:5      | Entered Level 5 of the Dungeon
  2981 | D:5      | Noticed an orc warrior
  2992 | D:5      | Killed an orc warrior
  2993 | D:5      | Reached skill level 5 in Fighting
  2993 | D:5      | Reached skill level 5 in Dodging
  3084 | D:5      | Found an opulent altar of Gozag.
  3164 | D:5      | Reached skill level 7 in Long Blades
  3164 | D:5      | Reached XP level 7. HP: 56/56 MP: 15/15
  3393 | D:5      | Got the Elucidation of the Nasty Zephyr
  3896 | D:4      | Killed Pikel
  3897 | D:4      | Reached XP level 8. HP: 60/64 MP: 15/17
  3992 | D:4      | Identified the +1 ring mail "Xagim" {rN+ Will+}
  4493 | D:6      | Noticed Sigmund
  4504 | D:6      | Reached * piety under Cheibriados
  4506 | D:6      | Killed Sigmund
  4515 | D:6      | HP: 3/64 [orc warrior/+0 dire flail (16)]
  4521 | D:6      | Reached XP level 9. HP: 28/69 MP: 18/18
  4711 | D:6      | Identified the +5 chain mail of Imperfection {Rampage rPois
                  | rN++ Regen+}
  5114 | D:7      | Reached skill level 8 in Long Blades
  5191 | D:7      | Noticed Maggie
  5194 | D:7      | Killed Maggie
  5195 | D:7      | Reached skill level 5 in Invocations
  5253 | D:7      | Reached ** piety under Cheibriados
  5751 | D:7      | HP: 1/71 [ice beast (13)]
  5755 | D:7      | Reached skill level 5 in Short Blades
  5755 | D:7      | Reached skill level 5 in Axes
  5755 | D:7      | Reached skill level 5 in Maces & Flails
  5755 | D:7      | Reached skill level 5 in Polearms
  5755 | D:7      | Reached skill level 5 in Staves
  5755 | D:7      | Reached skill level 5 in Ranged Weapons
  5755 | D:7      | Reached skill level 5 in Throwing
  5755 | D:7      | Reached skill level 5 in Armour
  5755 | D:7      | Reached skill level 5 in Stealth
  5755 | D:7      | Reached skill level 5 in Shields
  5755 | D:7      | Reached skill level 5 in Unarmed Combat
  5755 | D:7      | Reached skill level 5 in Evocations
  5755 | D:7      | Reached XP level 10. HP: 43/77 MP: 20/20
  6161 | D:8      | Reached *** piety under Cheibriados
  6222 | D:8      | Noticed a tengu warrior
  6240 | D:8      | Killed a tengu warrior
  6443 | D:8      | Found an ancient bone altar of Kikubaaqudgha.
  6504 | D:8      | Noticed an eight-headed hydra
  6740 | D:8      | Killed a two-headed hydra
  6803 | D:9      | Noticed a deep elf pyromancer
  6814 | D:9      | Learned a level 4 spell: Olgreb's Toxic Radiance
  6820 | D:9      | Learned a level 5 spell: Arcjolt
  6843 | D:9      | Killed a deep elf pyromancer
  6883 | D:9      | Noticed a manticore
  6907 | D:9      | Killed a manticore
  6908 | D:9      | Reached skill level 9 in Long Blades
  6909 | D:9      | Reached skill level 5 in Hexes
  6909 | D:9      | Reached skill level 5 in Summonings
  6909 | D:9      | Reached skill level 5 in Necromancy
  6909 | D:9      | Reached skill level 5 in Translocations
  6909 | D:9      | Reached skill level 5 in Transmutations
  6909 | D:9      | Reached skill level 5 in Fire Magic
  6909 | D:9      | Reached skill level 5 in Ice Magic
  6909 | D:9      | Reached skill level 5 in Air Magic
  6909 | D:9      | Reached skill level 5 in Earth Magic
  6909 | D:9      | Reached skill level 5 in Poison Magic
  6909 | D:9      | Reached XP level 11. HP: 57/85 MP: 13/22
  7039 | D:9      | Reached **** piety under Cheibriados
  7040 | D:9      | Noticed a centaur warrior
  7051 | D:9      | Noticed a deep elf zephyrmancer
  7198 | D:9      | Identified the +4 morningstar of Nulul {heavy, Int+3 SInv}
  7233 | D:9      | Noticed an orc sorcerer
  7245 | D:9      | Killed an orc sorcerer
  7270 | D:9      | Noticed an orc sorcerer
  7282 | D:9      | Paralysed by an orc sorcerer for 5 turns
  7291 | D:9      | Killed an orc sorcerer
  7352 | D:9      | Noticed a cyclops
  7370 | D:9      | Noticed a boulder beetle
  7384 | D:9      | Killed a boulder beetle
  7450 | D:9      | HP: 4/86 [centaur warrior/+2 vampiric halberd (3)]
  7451 | D:9      | Killed from afar by a deep elf zephyrmancer

Illustrated notes

Levels and vault maps discovered:
D:1:      minmay_arrival_five_plusses, layout_basic, serial_bayou_pond_a
D:2:      layout_basic, hellmonk_ecumenical_altar_leap_of_faith,
          minmay_fountain_box, minmay_misc_feat_columns, uniq_crazy_yiuf_cottage
D:3:      layout_basic, mainiacjoe_overflow_catwalk
D:4:      layout_basic, minmay_temple_entry_glassed_door, minmay_misc_feat_rows,
          uniq_pikel
D:5:      layout_basic, grunt_gozag_statues
D:6:      layout_loops_ring, minmay_pentangle, uniq_sigmund
D:7:      layout_gridville, water_maze_lemuel, uniq_maggie
D:8:      minmay_ornate_pinched, layout_rooms,
          nicolae_kikubaaqudgha_miasma_corner
D:9:      minmay_the_grid_3x3 [minmay_the_grid_minigrid_small_alt,
          minmay_the_grid_tri_star, minmay_the_grid_dragon_b,
          minmay_the_grid_small_cups, minmay_the_grid_square_x,
          minmay_the_grid_outer_circle, minmay_the_grid_broken_lines,
          minmay_the_grid_eight, minmay_the_grid_prize_four_corners_diamond_a],
          layout_rooms, mainiacjoe_overflow_chevrons, special_room
          [special_room_orc], serial_shops, nicolae_shop_bloodbath_and_beyond,
          gammafunk_ghost_necromancy, blue_anna_alchemist
Temple:   hc_temple_tempest_star

Skill      XL: |  1  2  3  4  5  6  7  8  9 10 11 |
---------------+----------------------------------+-----
Spellcasting   | 5 6 7 8 |  8.4
Invocations    | 1 2 3 4 5 6 7 |  7.3
Short Blades   | 1 2 3 5 6 |  6.6
Axes           | 1 2 3 5 6 |  6.6
Maces & Flails | 1 2 3 5 6 |  6.6
Polearms       | 1 2 3 5 6 |  6.6
Staves         | 1 2 3 5 6 |  6.6
Ranged Weapons | 1 2 3 5 6 |  6.6
Throwing       | 1 2 3 5 6 |  6.6
Armour         | 1 2 3 5 6 |  6.6
Stealth        | 1 2 3 5 6 |  6.6
Shields        | 1 2 3 5 6 |  6.6
Unarmed Combat | 1 2 3 5 6 |  6.6
Evocations     | 1 2 3 5 6 |  6.6
Hexes          | 1 2 3 4 5 |  5.5
Summonings     | 1 2 3 4 5 |  5.5
Necromancy     | 1 2 3 4 5 |  5.5
Translocations | 1 2 3 4 5 |  5.5
Transmutations | 1 2 3 4 5 |  5.5
Fire Magic     | 1 2 3 4 5 |  5.5
Ice Magic      | 1 2 3 4 5 |  5.5
Air Magic      | 1 2 3 4 5 |  5.5
Earth Magic    | 1 2 3 4 5 |  5.5
Poison Magic   | 1 2 3 4 5 |  5.5
Fighting       | 5 6 7 8 |  8.2
Dodging        | 5 6 7 8 |  8.2
Long Blades    | 7 8 9 |  9.4
Conjurations   | 6 7 |  7.9

Action                     |  1- 3 |  4- 6 |  7- 9 | 10-12 || total
---------------------------+-------+-------+-------+-------++-------
  Melee: Falchion          |    71 |    15 |    25 |       ||   111
         Bite              |     7 |     1 |    10 |    33 ||    51
         Punch             |     1 |       |     4 |     7 ||    12
         Long sword        |       |       |    75 |   231 ||   306
   Fire: Sling             |    18 |   121 |   213 |       ||   352
   Cast: Olgreb's Toxic Ra |       |       |       |    19 ||    19
 Invoke: Temporal Distorti |       |       |       |     1 ||     1
  Evoke: Wand              |       |     3 |     8 |     7 ||    18
    Use: Scroll            |     2 |     6 |       |    10 ||    18
         Potion            |       |     1 |     3 |     3 ||     7
   Stab: Invisible         |       |     2 |       |     2 ||     4
         Sleeping          |       |       |       |     2 ||     2
         Distracted        |       |       |       |     1 ||     1
 Armour: Leather armour    |    11 |     8 |     5 |       ||    24
         Ring mail         |       |       |    53 |    66 ||   119
  Dodge: Dodged            |    43 |    44 |   354 |   249 ||   690

Table legend: (Time is in decaauts)
 A = Elapsed time spent in this place.
 B = Non-inter-level travel time spent in this place.
 C = Inter-level travel time spent in this place.
 D = Time resting spent in this place.
 E = Time spent auto-exploring this place.
 F = Levels seen in this place.
 G = Mean time per level.
                   A        B        C        D        E       F      G
               +--------+--------+--------+--------+--------+-----+--------+
         Total |   8996 |   8637 |    359 |     59 |   6754 |  10 |  899.6 |
       Dungeon |   8930 |   8599 |    331 |     59 |   6725 |   9 |  992.2 |
        Temple |     65 |     38 |     27 |      0 |     29 |   1 |   65.0 |
               +--------+--------+--------+--------+--------+-----+--------+

Top non-repeatable levels by time:
     D:7: 1438 daAuts
     D:5: 1283 daAuts
     D:6: 1146 daAuts
     D:4: 1027 daAuts
     D:8: 958 daAuts
     D:2: 820 daAuts
     D:3: 817 daAuts
     D:9: 780 daAuts
     D:1: 658 daAuts
  Temple: 65 daAuts
